TOP OF THE 1ST |
La Crosse Loggers batting - Pitching for Riverside Red Bulls : RHP Emery Graham
|
Pitching: RHP Emery Graham
|
|
Batting: RHB Aurelio Cruz
|
0-0: Called Strike 0-1: Foul Ball, location: 2F 0-2: Foul Ball, location: 2F 0-2: Ground out 4-3 (Groundball, 4M)
|
Batting: RHB Júlio Sánchez
|
0-0: Ball 1-0: Ball 2-0: Ball 3-0: Base on Balls
|
Batting: LHB Ramón Córdova
|
0-0: Ball 1-0: Swinging Strike 1-1: Ball 2-1: Swinging Strike 2-2: Ball 3-2: Base on Balls Júlio Sánchez to second
|
Batting: RHB Jesús Cabrera
|
0-0: Ball 1-0: Called Strike 1-1: Ball 2-1: Swinging Strike 2-2: Foul Ball, location: 2F 2-2: Strikes out looking
|
Batting: SHB Dave Henley
|
0-0: Ball 1-0: SINGLE (Line Drive, 34) Júlio Sánchez to third Ramón Córdova to second
|
Batting: RHB Vicente Aguirre
|
0-0: Ball 1-0: Called Strike 1-1: Ball 2-1: Ground out 5-3 (Groundball, 56S)
|
Top of the 1st over - 0 run(s), 1 hit(s), 0 error(s), 3 left on base; La Crosse 0 - Riverside 0 |
BOTTOM OF THE 1ST |
Riverside Red Bulls batting - Pitching for La Crosse Loggers : RHP Carl Willis
|
Pitching: RHP Carl Willis
|
|
Batting: RHB Kevin Brown
|
0-0: Called Strike 0-1: Swinging Strike 0-2: Ball 1-2: SINGLE (Flyball, 8LS)
|
Batting: RHB José Vázquez
|
0-0: Called Strike 0-1: Ball 1-1: Ball Kevin Brown steals 2nd base 2-1: Ground out 6-3 (Groundball, 6) Kevin Brown to third
|
Batting: LHB Mike Petersen
|
0-0: Ball 1-0: Ball 2-0: Ball 3-0: Called Strike 3-1: Base on Balls
|
Batting: RHB Luis Flores
|
0-0: Ball 1-0: Foul Ball, location: 2F 1-1: Ball 2-1: 3-RUN HOME RUN (Flyball, 89XD), Distance : 402 ft
|
Batting: RHB Fernando Bórquez
|
0-0: Fly out, F8 (Flyball, 8RD)
|
Batting: RHB Pedro Mata
|
0-0: Called Strike 0-1: Ground out 6-3 (Groundball, 6)
|
Bottom of the 1st over - 3 run(s), 2 hit(s), 0 error(s), 0 left on base; La Crosse 0 - Riverside 3 |
TOP OF THE 2ND |
La Crosse Loggers batting - Pitching for Riverside Red Bulls : RHP Emery Graham
|
Batting: LHB Jeff Forsyth
|
0-0: Fly out, F9 (Flyball, 9S)
|
Batting: RHB Robert Acosta
|
0-0: Fly out, F8 (Flyball, 8LM)
|
Batting: RHB Troy Reed
|
0-0: Ball 1-0: Called Strike 1-1: Swinging Strike 1-2: Strikes out swinging
|
Top of the 2nd over - 0 run(s), 0 hit(s), 0 error(s), 0 left on base; La Crosse 0 - Riverside 3 |
BOTTOM OF THE 2ND |
Riverside Red Bulls batting - Pitching for La Crosse Loggers : RHP Carl Willis
|
Batting: RHB Marcos Hernández
|
0-0: Ball 1-0: Called Strike 1-1: Swinging Strike 1-2: Strikes out looking
|
Batting: RHB Brandon Pope
|
0-0: Ground out 4-3 (Groundball, 4)
|
Batting: SHB Walt Simmons
|
0-0: Called Strike 0-1: Swinging Strike 0-2: Ball 1-2: Strikes out swinging
|
Bottom of the 2nd over - 0 run(s), 0 hit(s), 0 error(s), 0 left on base; La Crosse 0 - Riverside 3 |
TOP OF THE 3RD |
La Crosse Loggers batting - Pitching for Riverside Red Bulls : RHP Emery Graham
|
Batting: RHB Aurelio Cruz
|
0-0: Called Strike 0-1: DOUBLE (Line Drive, 8RD)
|
Batting: RHB Júlio Sánchez
|
0-0: Ball Aurelio Cruz is caught stealing 3rd base 1-0: Ball 2-0: Called Strike 2-1: SINGLE (Line Drive, 9S)
|
Batting: LHB Ramón Córdova
|
0-0: Called Strike 0-1: Ball 1-1: Called Strike 1-2: Ball 2-2: Foul Ball, location: 2F 2-2: Ball 3-2: Grounds into double play, 6-4-3 (Groundball, 6)
|
Top of the 3rd over - 0 run(s), 2 hit(s), 0 error(s), 0 left on base; La Crosse 0 - Riverside 3 |
BOTTOM OF THE 3RD |
Riverside Red Bulls batting - Pitching for La Crosse Loggers : RHP Carl Willis
|
Batting: RHB Kevin Brown
|
0-0: Ball 1-0: Called Strike 1-1: Ball 2-1: Foul Ball, location: 2F 2-2: Foul Ball, location: 2F 2-2: Ground out 6-3 (Groundball, 56)
|
Batting: RHB José Vázquez
|
0-0: Called Strike 0-1: Foul Ball, location: 2F 0-2: Fly out, F9 (Flyball, 89S)
|
Batting: LHB Mike Petersen
|
0-0: Called Strike 0-1: Fly out, F8 (Flyball, 8RD)
|
Bottom of the 3rd over - 0 run(s), 0 hit(s), 0 error(s), 0 left on base; La Crosse 0 - Riverside 3 |
TOP OF THE 4TH |
La Crosse Loggers batting - Pitching for Riverside Red Bulls : RHP Emery Graham
|
Batting: RHB Jesús Cabrera
|
0-0: SOLO HOME RUN (Flyball, 8LXD), Distance : 429 ft
|
Batting: SHB Dave Henley
|
0-0: Ball 1-0: Ball 2-0: Ball 3-0: Base on Balls
|
Batting: RHB Vicente Aguirre
|
0-0: Ball 1-0: Swinging Strike 1-1: Foul Ball, location: 2F 1-2: Foul Ball, location: 2F 1-2: Ball 2-2: Strikes out swinging
|
Batting: LHB Jeff Forsyth
|
0-0: Ball 1-0: Called Strike 1-1: Ball 2-1: Swinging Strike 2-2: Strikes out swinging
|
Batting: RHB Robert Acosta
|
0-0: Called Strike 0-1: Foul Ball, location: 2F 0-2: Fielders Choice at 2nd, 5-4 (Groundball, 5)
|
Top of the 4th over - 1 run(s), 1 hit(s), 0 error(s), 0 left on base; La Crosse 1 - Riverside 3 |
BOTTOM OF THE 4TH |
Riverside Red Bulls batting - Pitching for La Crosse Loggers : RHP Carl Willis
|
Batting: RHB Luis Flores
|
0-0: Called Strike 0-1: Ball 1-1: Fly out, F8 (Flyball, 8RM)
|
Batting: RHB Fernando Bórquez
|
0-0: Ball 1-0: Called Strike 1-1: Ground out U3 (Groundball, 34)
|
Batting: RHB Pedro Mata
|
0-0: Ball 1-0: Ball 2-0: Ball 3-0: Called Strike 3-1: Base on Balls
|
Batting: RHB Marcos Hernández
|
0-0: Ball 1-0: Foul Ball, location: 2F 1-1: Fly out, F6 (Popup, P)
|
Bottom of the 4th over - 0 run(s), 0 hit(s), 0 error(s), 1 left on base; La Crosse 1 - Riverside 3 |
TOP OF THE 5TH |
La Crosse Loggers batting - Pitching for Riverside Red Bulls : RHP Emery Graham
|
Batting: RHB Troy Reed
|
0-0: Called Strike 0-1: Called Strike 0-2: Ball 1-2: Strikes out swinging
|
Batting: RHB Aurelio Cruz
|
0-0: Ball 1-0: Ball 2-0: Swinging Strike 2-1: Foul Ball, location: 2F 2-2: Strikes out swinging
|
Batting: RHB Júlio Sánchez
|
0-0: Called Strike 0-1: Ball 1-1: Ball 2-1: Ball 3-1: Swinging Strike 3-2: Strikes out swinging
|
Top of the 5th over - 0 run(s), 0 hit(s), 0 error(s), 0 left on base; La Crosse 1 - Riverside 3 |
BOTTOM OF THE 5TH |
Riverside Red Bulls batting - Pitching for La Crosse Loggers : RHP Carl Willis
|
Batting: RHB Brandon Pope
|
0-0: Called Strike 0-1: Ball 1-1: Swinging Strike 1-2: Ball 2-2: Foul Ball, location: 2F 2-2: Foul Ball, location: 2F 2-2: Strikes out swinging
|
Batting: SHB Walt Simmons
|
0-0: Fly out, F8 (Flyball, 8RM)
|
Batting: RHB Kevin Brown
|
0-0: Foul Ball, location: 2F 0-1: Foul Ball, location: 2F 0-2: Ball 1-2: Ball 2-2: Ball 3-2: Ground out 6-3 (Groundball, 6)
|
Bottom of the 5th over - 0 run(s), 0 hit(s), 0 error(s), 0 left on base; La Crosse 1 - Riverside 3 |
TOP OF THE 6TH |
La Crosse Loggers batting - Pitching for Riverside Red Bulls : RHP Emery Graham
|
Batting: LHB Ramón Córdova
|
0-0: Foul Ball, location: 2F 0-1: Ball 1-1: Ground out 4-3 (Groundball, 4)
|
Batting: RHB Jesús Cabrera
|
0-0: Ball 1-0: Ball 2-0: Ball 3-0: Foul Ball, location: 2F 3-1: Base on Balls
|
Pitching: RHP Ricardo López
|
|
Batting: SHB Dave Henley
|
0-0: Ball 1-0: Ball 2-0: Called Strike 2-1: Foul Ball, location: 2F 2-2: SINGLE (Groundball, 25) (infield hit) Jesús Cabrera to second
|
Batting: RHB Vicente Aguirre
|
0-0: Ball 1-0: Called Strike 1-1: Foul Ball, location: 2F 1-2: Strikes out swinging
|
Batting: LHB Jeff Forsyth
|
0-0: SINGLE (Line Drive, 78M) Jesús Cabrera to third Dave Henley to second Runner from 3rd tries for Home, SAFE, no throw
|
Batting: RHB Robert Acosta
|
0-0: Ball 1-0: Swinging Strike 1-1: Called Strike 1-2: Ball 2-2: Foul Ball, location: 2F 2-2: Foul Ball, location: 2F 2-2: Ball 3-2: Ground out 6-3 (Groundball, 6S)
|
Top of the 6th over - 1 run(s), 2 hit(s), 0 error(s), 2 left on base; La Crosse 2 - Riverside 3 |
BOTTOM OF THE 6TH |
Riverside Red Bulls batting - Pitching for La Crosse Loggers : RHP Carl Willis
|
Batting: RHB José Vázquez
|
0-0: Called Strike 0-1: Ball 1-1: Called Strike 1-2: Strikes out looking
|
Batting: LHB Mike Petersen
|
0-0: Ball 1-0: Called Strike 1-1: Foul Ball, location: 2F 1-2: Foul Ball, location: 2F 1-2: Foul Ball, location: 2F 1-2: DOUBLE (Line Drive, 89XD)
|
Batting: RHB Luis Flores
|
0-0: Ball 1-0: Swinging Strike 1-1: Swinging Strike 1-2: Foul Ball, location: 2F 1-2: Ball 2-2: Strikes out swinging
|
Batting: RHB Fernando Bórquez
|
0-0: Ball 1-0: Ball 2-0: Called Strike 2-1: Foul Ball, location: 2F 2-2: Ball 3-2: Ground out 6-3 (Groundball, 6S)
|
Bottom of the 6th over - 0 run(s), 1 hit(s), 0 error(s), 1 left on base; La Crosse 2 - Riverside 3 |
TOP OF THE 7TH |
La Crosse Loggers batting - Pitching for Riverside Red Bulls : RHP Ricardo López
|
Batting: RHB Troy Reed
|
0-0: Ball 1-0: Swinging Strike 1-1: Foul Ball, location: 2F 1-2: Strikes out swinging
|
Batting: RHB Aurelio Cruz
|
0-0: Called Strike 0-1: Hit by Pitch
|
Batting: RHB Júlio Sánchez
|
0-0: Called Strike 0-1: Foul Ball, location: 2F 0-2: Ball 1-2: Foul Ball, location: 2F 1-2: Strikes out swinging
|
Batting: LHB Ramón Córdova
|
0-0: Ball Aurelio Cruz is caught stealing 2nd base
|
Top of the 7th over - 0 run(s), 0 hit(s), 0 error(s), 0 left on base; La Crosse 2 - Riverside 3 |
BOTTOM OF THE 7TH |
Riverside Red Bulls batting - Pitching for La Crosse Loggers : RHP Carl Willis
|
Batting: RHB Pedro Mata
|
0-0: Ball 1-0: Swinging Strike 1-1: Ground out 6-3 (Groundball, 6M)
|
Batting: RHB Marcos Hernández
|
0-0: Ball 1-0: Foul Ball, location: 2F 1-1: Ball 2-1: Ball 3-1: Base on Balls
|
Pitching: RHP Willie Alexander
|
|
Batting: RHB Brandon Pope
|
0-0: Ball 1-0: Ball 2-0: Called Strike 2-1: Ball 3-1: Base on Balls Marcos Hernández to second
|
Batting: SHB Walt Simmons
|
0-0: Called Strike 0-1: Called Strike 0-2: Ball 1-2: Ball 2-2: Foul Ball, location: 2F 2-2: Ball 3-2: Foul Ball, location: 2F 3-2: Strikes out swinging
|
Batting: RHB Kevin Brown
|
0-0: Foul Ball, location: 2F 0-1: Ball 1-1: Foul Ball, location: 2F 1-2: Fly out, F8 (Line Drive, 8LM)
|
Bottom of the 7th over - 0 run(s), 0 hit(s), 0 error(s), 2 left on base; La Crosse 2 - Riverside 3 |
TOP OF THE 8TH |
La Crosse Loggers batting - Pitching for Riverside Red Bulls : RHP Ricardo López
|
Pitching: LHP Miguel Galván
|
|
Batting: LHB Ramón Córdova
|
0-0: Ball 1-0: Foul Ball, location: 2F 1-1: Foul Ball, location: 2F 1-2: Ground out 4-3 (Groundball, 4)
|
Pitching: RHP Carlos Morán
|
|
Batting: RHB Jesús Cabrera
|
0-0: Ball 1-0: Ball 2-0: Foul Ball, location: 2F 2-1: Ball 3-1: Base on Balls
|
Batting: SHB Dave Henley
|
0-0: Called Strike 0-1: Ball Wild Pitch! Jesús Cabrera to second 1-1: SINGLE (Flyball, 78S) Jesús Cabrera to third Runner from 3rd tries for Home, SAFE, no throw
|
Batting: RHB Vicente Aguirre
|
0-0: Called Strike Dave Henley is caught stealing 2nd base 0-1: Ball 1-1: Swinging Strike 1-2: Fly out, F8 (Flyball, 8RXD)
|
Top of the 8th over - 1 run(s), 1 hit(s), 0 error(s), 0 left on base; La Crosse 3 - Riverside 3 |
BOTTOM OF THE 8TH |
Riverside Red Bulls batting - Pitching for La Crosse Loggers : RHP Willie Alexander
|
Batting: RHB José Vázquez
|
0-0: Foul Ball, location: 2F 0-1: Fly out, F9 (Flyball, 9S)
|
Batting: LHB Mike Petersen
|
0-0: SOLO HOME RUN (Flyball, 89XD), Distance : 417 ft
|
Batting: RHB Luis Flores
|
0-0: Ball 1-0: Foul Ball, location: 2F 1-1: Ball 2-1: Ground out 5-3 (Groundball, 56)
|
Batting: RHB Fernando Bórquez
|
0-0: Called Strike 0-1: Foul Ball, location: 2F 0-2: Strikes out swinging
|
Bottom of the 8th over - 1 run(s), 1 hit(s), 0 error(s), 0 left on base; La Crosse 3 - Riverside 4 |
TOP OF THE 9TH |
La Crosse Loggers batting - Pitching for Riverside Red Bulls : RHP Carlos Morán
|
Pitching: RHP José López
|
|
Batting: LHB Jeff Forsyth
|
0-0: Ball 1-0: Swinging Strike 1-1: Ball 2-1: Called Strike 2-2: Foul Ball, location: 2F 2-2: Foul Ball, location: 2F 2-2: Ball 3-2: Strikes out swinging
|
Pinch Hitting: RHB Francisco Rodríguez
|
0-0: Swinging Strike 0-1: Swinging Strike 0-2: Strikes out swinging
|
Pinch Hitting: RHB Kirk Powell
|
0-0: Called Strike 0-1: Ball 1-1: Foul Ball, location: 2F 1-2: Ball 2-2: Ball 3-2: Foul Ball, location: 2F 3-2: SINGLE (Line Drive, 9S)
|
Batting: RHB Aurelio Cruz
|
0-0: Fly out, F9 (Flyball, 9S)
|
Top of the 9th over - 0 run(s), 1 hit(s), 0 error(s), 1 left on base; La Crosse 3 - Riverside 4 |
|